Map: [ESL] Site Delta

Players

MeomaikA - Winner!

  • Race: Zerg Zerg
  • Spawn Location: 5:00

GogojOey

  • Race: Zerg Zerg
  • Spawn Location: 11:00

Event: ESL SC2 Masters 2023 Winter (Regional)

VOD

Have the link to the VOD?

Description

Time

  • Played on: Nov. 5, 2023, 7:24 a.m.
  • Length: 6:52
Show
View Real Time Build Order
Export as new Build Order

MeomaikA Zerg - Winner!

Build Orders: Pool First 

Get SALT Encoding   

  12  0:00  Drone  
  13  0:12  Overlord  
  13  0:16  Drone  
  14  0:30  Drone x2  
  14  0:34  Drone  
  17  0:44  Spawning Pool  
  17  0:46  Drone  
  17  1:08  Hatchery  
  17  1:09  Drone  
  17  1:11  Extractor  
  17  1:14  Drone  
  17  1:31  Zergling x4, Queen  
  21  1:38  Drone  
  22  1:49  Overlord  
  22  2:07  Drone, Queen  
  25  2:10  Drone  
  25  2:11  Metabolic Boost  
  26  2:20  Drone  
  26  2:21  Drone  
  28  2:31  Drone  
  28  2:34  Drone  
  28  2:37  Queen  
  30  2:38  Drone x2  
  30  2:40  Drone  
  30  2:43  Drone  
  36  2:48  Overlord  
  36  2:55  Overlord  
  36  3:08  Drone x3  
  39  3:14  Drone  
  39  3:18  Drone x2  
  39  3:19  Drone x2  
  43  3:24  Zergling x2  
  44  3:28  Zergling x2  
  44  3:29  Lair  
  45  3:35  Drone  
  45  3:36  Extractor  
  45  3:38  Extractor  
  45  3:41  Drone  
  45  3:44  Drone  
  46  3:49  Drone x3  
  46  3:50  Overlord, Hatchery  
  48  3:59  Drone x2  
  48  4:01  Drone  
  48  4:02  Extractor  
  50  4:03  Overlord  
  50  4:06  Roach Warren  
  49  4:13  Overlord  
  49  4:24  Overlord x2  
  49  4:25  Drone x3  
  49  4:26  Drone  
  49  4:30  Spire  
  52  4:33  Drone  
  52  4:37  Spine Crawler  
  52  4:46  Roach x4  
  52  4:49  Roach  
  52  4:52  Roach  
  64  4:53  Roach  
  64  4:56  Glial Reconstitution  
  66  5:01  Roach  
  66  5:02  Roach  
  66  5:05  Roach  
  73  5:14  Roach x3  
  73  5:15  Roach  
  73  5:17  Roach  
  73  5:19  Roach  
  83  5:23  Overlord  
  83  5:29  Roach  
  83  5:31  Roach  
  83  5:33  Roach  
  83  5:34  Roach  
  90  5:35  Roach  
  90  5:39  Roach  
  90  5:42  Roach  
  89  5:44  Roach  
  89  5:46  Roach  
  89  5:48  Mutalisk  
  87  5:51  Roach  
  87  5:53  Mutalisk  
  91  5:57  Ravager  
  91  5:59  Roach  
  91  6:00  Roach  
  96  6:04  Mutalisk  
  98  6:12  Queen  
  98  6:17  Spine Crawler  
  98  6:18  Mutalisk  
  99  6:19  Spine Crawler  
  99  6:21  Drone  
  99  6:22  Drone  
  99  6:25  Drone  
Show
View Real Time Build Order
Export as new Build Order

GogojOey Zerg 

Build Orders: Hatch First 

Get SALT Encoding   

  12  0:00  Drone  
  13  0:12  Overlord  
  13  0:16  Drone  
  14  0:30  Drone x2  
  16  0:48  Hatchery  
  15  0:51  Drone  
  15  0:55  Drone  
  17  0:58  Drone  
  18  1:09  Extractor  
  17  1:13  Spawning Pool  
  17  1:16  Drone  
  17  1:20  Drone  
  18  1:28  Drone  
  19  1:39  Drone  
  20  1:49  Drone  
  21  2:00  Queen x2  
  21  2:01  Zergling x4  
  27  2:10  Overlord  
  27  2:11  Drone  
  28  2:29  Drone x2  
  30  2:33  Drone  
  30  2:35  Overlord  
  31  2:39  Queen  
  33  2:44  Drone  
  33  2:45  Drone  
  33  2:50  Lair  
  35  2:55  Drone, Evolution Chamber  
  35  2:57  Roach Warren  
  34  2:58  Drone  
  34  3:05  Drone, Evolution Chamber  
  35  3:10  Drone x2  
  37  3:14  Drone x2  
  39  3:22  Extractor, Zerg Missile Weapons Level 1  
  39  3:25  Drone x2  
  41  3:27  Drone  
  41  3:30  Overlord  
  40  3:38  Drone  
  40  3:43  Drone x3, Extractor  
  42  3:50  Extractor  
  42  3:51  Glial Reconstitution  
  42  3:54  Roach x2  
  42  3:55  Roach  
  48  4:03  Roach x2  
  48  4:06  Overlord  
  52  4:13  Overlord  
  52  4:19  Overlord x2  
  52  4:26  Overlord  
  52  4:34  Roach x4  
  52  4:37  Overlord  
  60  4:39  Roach  
  60  4:40  Roach  
  60  4:43  Roach  
  66  4:46  Roach  
  68  4:53  Roach x2  
  68  4:54  Roach  
  68  4:57  Roach  
  76  5:00  Roach  
  76  5:06  Roach x2  
  82  5:13  Roach x2  
  86  5:17  Roach x2  
  86  5:21  Roach  
  92  5:27  Overlord  
  92  5:30  Roach, Overlord  
  90  5:37  Roach x3  
  90  5:40  Ravager  
  90  5:42  Roach  
  91  5:44  Roach  
  91  5:46  Roach  
  91  5:47  Drone  
  85  5:51  Drone x2  
  85  5:52  Drone  
  85  5:56  Drone  
  87  6:05  Extractor  
  87  6:09  Spire  
  87  6:10  Drone  
  86  6:13  Drone  
  86  6:14  Drone  
  86  6:17  Ravager  
  90  6:18  Drone x2  
  90  6:22  Roach  
  90  6:25  Roach  
Tags
 
Add a new tag
Caveats
  • Supply blocks, unpowered buildings, or Contaminate may cause inaccurate times.
  • Supply counts are checked every 10 seconds.